 Dungeon Crawl Stone Soup version 0.27-a0-906-g0a00ce863d (webtiles) character file.

Game seed: 4960863013355584121

16139 tilp the Cleaver (level 12, 0/138 HPs)
             Began as a Demonspawn Brigand on Apr 6, 2021.
             Was a Priest of Nemelex Xobeh.
             Succumbed to a killer bee's poison
             ... on level 1 of the Lair of Beasts.
             The game lasted 00:21:56 (17861 turns).

tilp the Cleaver (Demonspawn Brigand)              Turns: 17861, Time: 00:21:57

Health: 0/138      AC: 16    Str: 16    XL:     12   Next: 7%
Magic:  12/12      EV: 10    Int: 17    God:    Nemelex Xobeh [***...]
Gold:   891        SH: 12    Dex: 20    Spells: 11/11 levels left

rFire    x . .     SeeInvis .   a - +5 war axe "Lej Wobbuk" {flame, Int+5}
rCold    + . .     Faith    .   E - +2 buckler
rNeg     + . .     Spirit   .   F - +0 plate armour
rPois    .         Reflect  .   g - +2 helmet
rElec    .         Harm     .   c - +2 cloak
rCorr    .         Rampage  .   (no gloves)
Will     .....     Rnd*Rage +   (no boots)
Stlth    ..........             (no amulet)
HPRegen  0.33/turn              x - +4 ring of evasion
MPRegen  0.13/turn              L - ring "Deagix" {Ice rN+ Slay+3}

@: berserking (expiring), lethally poisoned (0 -> -12), marked, very quick
A: hooves 2, thin skeletal structure 2, demonic guardian 2, foul stench 1, large
bone plates 1, berserk 1
a: Renounce Religion, Draw Escape, Draw Destruction, Draw Summoning, Triple Draw


You were on level 1 of the Lair of Beasts.
You worshipped Nemelex Xobeh.
Nemelex Xobeh was most pleased with you.
You visited 3 branches of the dungeon, and saw 13 of its levels.
You also visited: Ossuary.

You collected 891 gold pieces.

Inventory:

Hand Weapons
 a - the +5 war axe "Lej Wobbuk" (weapon) {flame, Int+5}
   (You found it on level 4 of the Dungeon)

   It has been specially enchanted to burn those struck by it, causing extra
   injury to most foes and up to half again as much damage against particularly
   susceptible opponents.
   Big, fiery blades are also staple armaments of hydra-hunters.
   It affects your intelligence (+5).
 b - a +5 mace of freezing
Missiles
 d - 90 poisoned darts (quivered)
 e - 2 curare-tipped darts {!f}
 s - 4 throwing nets
 J - 6 boomerangs of dispersal
Armour
 c - a +2 cloak (worn)
 g - a +2 helmet (worn)
 r - a scarf of repulsion
 D - a +0 chain mail
 E - a +2 buckler (worn)
 F - a +0 plate armour (worn)
 N - a +2 kite shield
Jewellery
 x - a +4 ring of evasion (left hand)
 y - a +4 ring of evasion
 A - a ring of resist corrosion
 H - a ring of positive energy
 L - the ring "Deagix" (right hand) {Ice rN+ Slay+3}
   (You found it on level 9 of the Dungeon)

   [ring of ice]

   It enhances your ice magic.
   It affects your accuracy and damage with ranged weapons and melee attacks
   (+3).
   It makes you vulnerable to fire.
   It protects you from cold.
   It protects you from negative energy.
Wands
 w - a wand of random effects (21)
 C - a wand of digging (1)
 G - a wand of acid (22)
 K - a wand of charming (10)
 O - a wand of paralysis (4)
Scrolls
 m - 3 scrolls of fear
 n - 2 scrolls of vulnerability
 o - 2 scrolls of amnesia
 B - 8 scrolls of teleportation
 I - 7 scrolls of enchant weapon
 P - a scroll of identify
 Q - 4 scrolls of magic mapping
Potions
 f - 4 potions of magic
 h - a potion of might
 i - 3 potions of resistance
 j - 2 potions of mutation
 k - a potion of brilliance
 l - 3 potions of flight
 p - 2 potions of lignification
 q - a potion of haste
 t - a potion of ambrosia {unknown}
 u - 2 potions of berserk rage {unknown}
 v - a potion of attraction {unknown}
 z - 3 potions of curing
 M - a potion of heal wounds {unknown}


   Skills:
 - Level 8.0 Fighting
 - Level 1.7 Short Blades
 + Level 14.9 Axes
 - Level 1.7 Throwing
 - Level 4.0 Dodging
 - Level 4.0 Stealth
 - Level 4.0 Shields


You had 11 spell levels left.
You didn't know any spells.
Your spell library contained the following spells:

 Spells                   Type           Power      Damage    Failure   Level
 Animate Skeleton         Necr           0%         N/A       100%        1
 Apportation              Tloc           0%         N/A       100%        1
 Corona                   Hex            0%         N/A       100%        1
 Freeze                   Ice            0%         1d3       100%        1
 Magic Dart               Conj           0%         1d3       100%        1
 Summon Small Mammal      Summ           0%         N/A       100%        1
 Searing Ray              Conj           0%         3d3       100%        2
 Slow                     Hex            0%         N/A       100%        2
 Dazzling Flash           Conj/Hex       0%         N/A       100%        3
 Frozen Ramparts          Ice            0%         1d2       100%        3
 Inner Flame              Hex/Fire       0%         N/A       100%        3
 Ozocubu's Armour         Ice            0%         N/A       100%        3
 Portal Projectile        Hex/Tloc       0%         N/A       100%        3
 Cause Fear               Hex            0%         N/A       100%        4
 Fulminant Prism          Conj/Hex       0%         3d6       100%        4
 Hailstorm                Conj/Ice       0%         3d3       100%        4
 Iskenderun's Mystic Bla  Conj/Tloc      0%         2d3       100%        4
 Leda's Liquefaction      Hex/Erth       0%         N/A       100%        4
 Summon Ice Beast         Ice/Summ       0%         N/A       100%        4


Dungeon Overview and Level Annotations

Branches:
Dungeon (11/15)            Temple (1/1) D:6            Lair (1/6) D:9
    Orc (0/2) D:9         Ossuary (visited)

Altars:
Ashenzari
Cheibriados
Dithmenos
Fedhas
Gozag
Hepliaklqana
Kikubaaqudgha
Makhleb
Nemelex Xobeh
Okawaru
Qazlal
Ru
Sif Muna
Trog
Uskayaw
Vehumet
Wu Jian
Xom
Yredelemnul
Zin
The Shining One

Annotations:
D:6 dig vault (spellbooks)
D:11 1 runed translucent door, t4s4d4r's ghost, journeyman OpEn


Innate Abilities, Weirdness & Mutations

You have hoof-like feet.
You have a moderately thin skeletal structure. (Dex +4, Stealth+)
A demonic guardian rushes to your aid.
You may rarely emit foul miasma when damaged in melee.
You are partially covered in large bone plates. (SH +4)
You tend to lose your temper in combat.


Message History

You slash the komodo dragon! You burn the komodo dragon.
You kill the komodo dragon!
You hit the water moccasin. You burn the water moccasin.
* * * LOW HITPOINT WARNING * * *
You feel sick.
Your sixfirhy closely misses the water moccasin.
The water moccasin bites you.
* * * LOW HITPOINT WARNING * * *
Your sixfirhy hits the water moccasin but does no damage.
Unknown command.
Unknown command.
You slash the water moccasin! You burn the water moccasin.
You kill the water moccasin!
* * * LOW HITPOINT WARNING * * *
You feel sick.
A killer bee comes into view.
You block the killer bee's attack.
Unknown command.
Unknown command.
Unknown command.
You are too berserk!
Okay, then.
You hit the killer bee. You burn the killer bee.
Your kick misses the killer bee.
The killer bee is severely wounded.
You slash the killer bee! You burn the killer bee.
* * * LOW HITPOINT WARNING * * *
You feel sick. The killer bee stings your sixfirhy.
A killer bee comes into view.
The killer bee stings you but does no damage.
Unknown command.
Unknown command.
Unknown command.
You slash the killer bee! You burn the killer bee.
You kill the killer bee!
You closely miss the killer bee. You slash the killer bee!
You burn the killer bee.
You kill the killer bee!
You die...
Your body glows slightly and disappears.

...<#........ #...#.......
#...######.# #...# ###.###
. ....####.....# ..
.............### ...
..#######....#.# .... #.P
#........######y....
...............○@†y.y.....
######..........y3y.......
##............†.#....
#........#..##......
###..##.##..# ......
#..##.....# ..... #..
#.###.# ..... # .. ..#
.... #.. ....


You could see 5 killer bees and a friendly sixfirhy (summoned).

Vanquished Creatures
  Harold (D:8)
  A boulder beetle (D:11)
  A hydra (Lair:1)
  3 two-headed ogres
  Nergalle (D:11)
  Pikel (D:8)
  A black mamba (Lair:1)
  A cane toad (Lair:1)
  2 komodo dragons (Lair:1)
  Grinder (D:6)
  A hornet (D:8)
  A shadow (D:11)
  9 yaks (D:9)
  Sigmund (D:6)
  4 wyverns
  A steam dragon (D:9)
  12 water moccasins
  5 orc warriors
  4 black bears
  An ice beast (D:4)
  2 sky beasts (D:6)
  A boggart (D:9)
  2 necrophages (D:7)
  4 centaurs
  A lemure (D:8)
  A kobold brigand (D:10)
  3 bullfrogs
  5 gnoll sergeants
  5 scorpions
  A wyvern skeleton (D:6)
  A water moccasin skeleton (D:6)
  9 killer bees (Lair:1)
  A wight (D:9)
  4 howler monkeys (D:9)
  6 orc priests
  2 hounds
  2 jellies
  A human zombie (Ossuary)
  3 gnoll shamans
  A centaur skeleton (D:7)
  4 iguanas
  10 orc wizards
  3 scorpion zombies
  A killer bee zombie (D:8)
  2 hound zombies (D:5)
  3 mummies (Ossuary)
  2 howler monkey zombies (D:9)
  36 gnolls
  7 adders
  A shadow imp (D:7)
  2 white imps
  An ufetubus (D:7)
  2 worms (D:4)
  6 dart slugs
  32 orcs
  5 ball pythons
  5 endoplasms
  4 giant cockroaches
  9 hobgoblins
  9 jackals
  10 kobolds
  6 quokkas
  4 bats
  5 frilled lizards
  2 gnoll zombies (Ossuary)
  6 goblins
  A goblin zombie (Ossuary)
  3 hobgoblin zombies (Ossuary)
  2 kobold zombies (Ossuary)
  3 orc zombies (Ossuary)
  A quokka skeleton (D:4)
  8 rats
  A bush (D:9)
303 creatures vanquished.

Vanquished Creatures (collateral kills)
  Erica (D:8)
  A two-headed ogre (D:6)
  A manticore (D:9)
  A cane toad (Lair:1)
  A yak (D:9)
  A water moccasin (D:9)
  An orc warrior (D:4)
  A scorpion (Ossuary)
  A centaur zombie (Ossuary)
  A human zombie (Ossuary)
  An orc priest (D:5)
  An orc wizard (D:5)
  2 scorpion zombies (Ossuary)
  7 gnolls
  An adder (D:3)
  An orc (D:3)
  A quokka (D:5)
  2 goblin zombies (Ossuary)
26 creatures vanquished.

Vanquished Creatures (others)
  2 scorpions (Ossuary)
  A hobgoblin zombie (Ossuary)
  4 bushes (D:9)
  2 fungi (D:9)
  24 plants
33 creatures vanquished.

Grand Total: 362 creatures vanquished

Notes
Turn   | Place    | Note
-------+----------+-------------------------------------------
     0 | D:1      | tilp the Demonspawn Brigand began the quest for the Orb.
     0 | D:1      | Reached XP level 1. HP: 16/16 MP: 1/1
   186 | D:1      | Gained mutation: You have a somewhat thin skeletal
                  | structure. (Dex +2, Stealth) [demonic ancestry]
   186 | D:1      | Reached XP level 2. HP: 16/23 MP: 2/2
   798 | D:1      | Gained mutation: You have a moderately thin skeletal
                  | structure. (Dex +4, Stealth+) [demonic ancestry]
   798 | D:1      | Reached XP level 3. HP: 20/29 MP: 3/3
  1169 | D:1      | Found a faded altar of an unknown god.
  1733 | D:2      | Reached skill level 1 in Dodging
  1963 | D:2      | Gained mutation: A weak demonic guardian rushes to your
                  | aid. [demonic ancestry]
  1963 | D:2      | Reached XP level 4. HP: 37/37 MP: 4/4
  2069 | D:2      | Found a shadowy altar of Dithmenos.
  3401 | D:4      | Found a sand-covered staircase.
  3504 | Ossuary  | Entered an ossuary
  3511 | Ossuary  | Noticed a scorpion
  3528 | Ossuary  | Killed a scorpion
  3529 | Ossuary  | Reached XP level 5. HP: 20/43 MP: 5/5
  3944 | Ossuary  | Reached skill level 5 in Fighting
  4519 | Ossuary  | Gained mutation: A demonic guardian rushes to your aid.
                  | [demonic ancestry]
  4519 | Ossuary  | Reached XP level 6. HP: 28/52 MP: 6/6
  4778 | Ossuary  | HP: 2/52 [human zombie (5)]
  5796 | D:4      | Identified the +5 war axe "Lej Wobbuk" {flame, Int+5}
  6310 | D:4      | Gained mutation: You have large cloven feet. [demonic
                  | ancestry]
  6310 | D:4      | Reached XP level 7. HP: 59/59 MP: 7/7
  6655 | D:5      | Entered Level 5 of the Dungeon
  7801 | D:4      | Reached skill level 1 in Axes
  8043 | D:4      | Reached XP level 8. HP: 67/68 MP: 8/8
  8075 | D:5      | Reached skill level 2 in Axes
  8149 | D:5      | Reached skill level 3 in Axes
  8314 | D:5      | Found a broken altar of Ashenzari.
  9139 | D:5      | Reached skill level 4 in Axes
  9184 | D:6      | Noticed a two-headed ogre
  9204 | D:6      | Noticed Grinder
  9214 | D:6      | Killed Grinder
  9215 | D:6      | Reached skill level 5 in Axes
  9267 | D:6      | Killed a two-headed ogre
  9268 | D:6      | Reached skill level 6 in Axes
  9268 | D:6      | Gained mutation: You may rarely emit foul miasma when
                  | damaged in melee. [demonic ancestry]
  9268 | D:6      | Reached XP level 9. HP: 55/74 MP: 9/9
  9807 | D:6      | Noticed Sigmund
  9819 | D:6      | Killed Sigmund
  9866 | D:6      | Found a staircase to the Ecumenical Temple.
  9878 | Temple   | Entered the Ecumenical Temple
 10090 | Temple   | Became a worshipper of Nemelex Xobeh the Trickster
 10354 | D:6      | Reached skill level 7 in Axes
 10619 | D:6      | Found a shimmering blue altar of Sif Muna.
 10988 | D:7      | Reached * piety under Nemelex Xobeh
 10991 | D:7      | Received a gift from Nemelex Xobeh
 11016 | D:7      | Reached skill level 8 in Axes
 11884 | D:8      | Found a basalt altar of Yredelemnul.
 12023 | D:8      | Reached skill level 9 in Axes
 12232 | D:8      | Found a sacrificial altar of Ru.
 12294 | D:8      | Noticed Pikel
 12306 | D:8      | Killed Pikel
 12307 | D:8      | Gained mutation: You have hoof-like feet. [demonic
                  | ancestry]
 12307 | D:8      | Reached XP level 10. HP: 50/80 MP: 10/10
 12604 | D:8      | Noticed Erica
 12610 | D:8      | Killed Erica
 12611 | D:8      | Reached skill level 10 in Axes
 12721 | D:8      | Found a burning altar of Makhleb.
 12744 | D:8      | Noticed Harold
 12763 | D:8      | Killed Harold
 13430 | D:9      | Found a staircase to the Lair.
 13442 | D:9      | Reached skill level 11 in Axes
 13791 | D:9      | Reached ** piety under Nemelex Xobeh
 13843 | D:9      | Gained mutation: You tend to lose your temper in combat.
                  | [potion of mutation]
 13843 | D:9      | Gained mutation: You are partially covered in large bone
                  | plates. (SH +4) [potion of mutation]
 13845 | D:9      | HP: 6/120 [poisoned by a centaur]
 14206 | D:9      | Reached skill level 12 in Axes
 14381 | D:9      | Reached XP level 11. HP: 80/86 MP: 11/11
 14491 | D:9      | Identified the ring "Deagix" {Ice rN+ Slay+3}
 14664 | D:9      | Found a staircase to the Orcish Mines.
 14734 | D:10     | Entered Level 10 of the Dungeon
 15082 | D:9      | Noticed a two-headed ogre
 15092 | D:9      | Killed a two-headed ogre
 15124 | D:9      | HP: 1/86 [manticore/volley of spikes (15)]
 15542 | D:9      | Reached skill level 13 in Axes
 15584 | D:9      | Noticed a two-headed ogre
 15592 | D:9      | Killed a two-headed ogre
 15740 | D:10     | Noticed a two-headed ogre
 15747 | D:10     | Killed a two-headed ogre
 16565 | D:11     | Found a runed translucent door.
 16565 | D:11     | Noticed t4s4d4r's ghost (journeyman OpEn)
 16603 | D:11     | Reached *** piety under Nemelex Xobeh
 16617 | D:11     | Received a gift from Nemelex Xobeh
 16887 | D:11     | Noticed Nergalle
 16897 | D:11     | Killed Nergalle
 17024 | D:11     | Noticed a boulder beetle
 17039 | D:11     | Killed a boulder beetle
 17040 | D:11     | Reached skill level 14 in Axes
 17402 | Lair:1   | Entered Level 1 of the Lair of Beasts
 17476 | Lair:1   | Noticed a seven-headed hydra
 17597 | Lair:1   | Killed a seven-headed hydra
 17855 | Lair:1   | Reached XP level 12. HP: 18/92 MP: 12/12
 17858 | Lair:1   | HP: 5/138 [water moccasin (4)]
 17860 | Lair:1   | HP: 1/138 [poisoned by a killer bee]
 17861 | Lair:1   | Succumbed to a killer bee's poison

Illustrated notes

Levels and vault maps discovered:
D:1:      scummos_arrival_star, layout_basic,
          shapermc_ecumenical_altar_totnotflames
D:2:      layout_loops_corners, basic_altar
D:3:      layout_basic, serial_glass, glass_columns_a, glass_columns_a,
          glass_columns_a, glass_columns_c, glass_columns_b, glass_columns_c,
          glass_columns_b, glass_columns_a
D:4:      layout_loops_ring, nicolae_ossuary_entry_false_entrances,
          saegor_snake_ambush
D:5:      layout_cave_pools, nicolae_ashenzari_panopticon,
          chequers_serial_rivers_room_b, hangedman_decor_peaks_small,
          minmay_fountain_box
D:6:      layout_basic, nicolae_sif_muna_little_library,
          minmay_temple_entry_large_hall, uniq_sigmund, uniq_grinder
D:7:      layout_basic, glass_columns_a, kennysheep_generic_room_6
D:8:      layout_basic, nicolae_ru_sacrificial_ziggurat,
          nicolae_overflow_hidden_temple, hangedman_decor_opposing, uniq_pikel,
          uniq_erica, uniq_harold
D:9:      minmay_klotski, layout_loops_ring, minmay_lair_entry_grove,
          orc_0_dummy
D:10:     layout_roguey
D:11:     layout_irregular_city, gammafunk_ghost_grave, dk_noncrumbling_3,
          chequers_serial_rivers_marsh, uniq_nergalle
Temple:   eino_temple_rhombus
Lair:1:   layout_gridlike, special_room [special_room_bee], beast_lair_carwin_7,
          lemuel_fruit_fields, serial_bayou_shore_a

Skill      XL: |  1  2  3  4  5  6  7  8  9 10 11 |
---------------+----------------------------------+-----
Fighting       | 3 4 5 6 8 |  8.0
Dodging        | 1 2 3 4 |  4.0
Stealth        | 4 |  4.0
Axes           | 1 6 9 12 14 | 14.9
Shields        | 2 4 |  4.0
Short Blades   | |  1.7
Throwing       | |  1.7

Action                   |  1- 3 |  4- 6 |  7- 9 | 10-12 || total
-------------------------+-------+-------+-------+-------++-------
Melee: Dagger            |   131 |   138 |       |       ||   269
       War axe           |       |   108 |   245 |   242 ||   595
       Kick              |       |       |    81 |    78 ||   159
       Mace              |       |       |       |     8 ||     8
Throw: Dart              |     2 |     5 |       |     8 ||    15
Invok: Draw Destruction  |       |       |       |     4 ||     4
Evoke: Wand              |       |       |       |     6 ||     6
  Use: Scroll            |     1 |     5 |    10 |     5 ||    21
       Potion            |       |       |       |     5 ||     5
 Stab: Sleeping          |    15 |    15 |     5 |       ||    35
       Distracted        |       |       |       |     1 ||     1
Armor: Robe              |    31 |     3 |       |       ||    34
       Ring mail         |       |    67 |       |       ||    67
       Chain mail        |       |       |   142 |    35 ||   177
       Plate armour      |       |       |       |    51 ||    51
Dodge: Dodged            |    68 |   114 |   186 |    89 ||   457
Block: Buckler           |       |       |       |    66 ||    66
       Other             |       |       |       |     3 ||     3

Table legend: (Time is in decaauts)
 A = Elapsed time spent in this place.
 B = Non-inter-level travel time spent in this place.
 C = Inter-level travel time spent in this place.
 D = Time resting spent in this place.
 E = Time spent auto-exploring this place.
 F = Levels seen in this place.
 G = Mean time per level.
                   A        B        C        D        E       F      G
               +--------+--------+--------+--------+--------+-----+--------+
         Total |  17960 |  17178 |    782 |   5432 |   9496 |  14 | 1282.9 |
       Dungeon |  15232 |  14468 |    764 |   3624 |   9003 |  11 | 1384.7 |
        Temple |    222 |    206 |     16 |      0 |    205 |   1 |  222.0 |
          Lair |    346 |    345 |      1 |    203 |     88 |   1 |  346.0 |
       Ossuary |   2158 |   2158 |      0 |   1605 |    200 |   1 | 2158.0 |
               +--------+--------+--------+--------+--------+-----+--------+

Top non-repeatable levels by time:
     D:4: 2498 daAuts
 Ossuary: 2158 daAuts
     D:8: 1997 daAuts
     D:9: 1965 daAuts
     D:1: 1403 daAuts
     D:5: 1322 daAuts
     D:6: 1243 daAuts
     D:2: 1185 daAuts
     D:7: 1075 daAuts
    D:11: 909 daAuts
    D:10: 893 daAuts
     D:3: 736 daAuts
  Lair:1: 346 daAuts
  Temple: 222 daAuts
